 Dungeon Crawl Stone Soup version 0.30.1-3-gfc49f6343a (webtiles) character file.

Game seed: 6061531985866383035

567 GeoRichter the Sneak (level 7, 0/30 (35) HPs)
             Began as a Vine Stalker Brigand on Aug 8, 2023.
             Slain by an orc wizard
             ... wielding a +2 dagger of draining
              (2 damage)
             ... on level 4 of the Dungeon.
             The game lasted 00:05:22 (3475 turns).

GeoRichter the Sneak (Vine Stalker Brigand)         Turns: 3475, Time: 00:05:22

HP:   0/30 (35)     AC:  3    Str: 13    XL:     7   Next: 33%
MP:   0/8           EV: 11    Int: 13    God:
Gold: 178           SH:  0    Dex: 16    Spells: 6/6 levels left

rFire   . . .        a - +2 dagger
rCold   . . .        (no shield)
rNeg    + . .        b - +0 robe
rPois   .            (no helmet)
rElec   .            c - +0 cloak
rCorr   .            (no gloves)
SInv    .            (no boots)
Will    .....        B - amulet of regeneration
Stlth   ++++         o - ring of flight
HPRegen 1.85/turn    y - ring of positive energy
MPRegen 0.11/turn

%: guardian spirit
@: flying, heavily drained
A: fangs 2, regeneration 1, magic shield, antimagic bite, no potion heal 2
a: no special abilities


You were on level 4 of the Dungeon.
You visited 1 branch of the dungeon, and saw 4 of its levels.

You collected 178 gold pieces.

Inventory:

Hand Weapons
 a - a +2 dagger (weapon)
Missiles
 d - 12 poisoned darts (quivered)
 e - 3 curare-tipped darts {!f}
 A - a throwing net {!f}
Armour
 b - a +0 robe (worn)
 c - a +0 cloak (worn)
Jewellery
 o - a ring of flight (left hand)
   (You found it on level 1 of the Dungeon)
 t - a ring of fire
   (You found it on level 2 of the Dungeon)
 y - a ring of positive energy (right hand)
   (You found it on level 3 of the Dungeon)
 B - an amulet of regeneration (around neck)
   (You took it off a goblin on level 4 of the Dungeon)
 C - a +6 ring of intelligence
   (You found it on level 4 of the Dungeon)
Scrolls
 g - a scroll of blinking {unknown}
 j - 2 scrolls of fear {unknown}
 k - 2 scrolls of identify {unknown}
 m - a scroll of poison {unknown}
 p - a scroll of teleportation {unknown}
 r - a scroll of vulnerability {unknown}
 w - a scroll of fog {unknown}
 x - a scroll of immolation {unknown}
Potions
 f - 3 potions of degeneration {unknown}
 h - 2 potions of attraction {unknown}
 i - a potion of ambrosia {unknown}
 l - 6 potions of curing {unknown}
 n - 3 potions of heal wounds {unknown}
 q - 2 potions of berserk rage {unknown}
 s - a potion of haste {unknown}
 u - a potion of invisibility {unknown}
 v - a potion of flight {unknown}
 z - a potion of magic {unknown}


   Skills:
 + Level 2.3 Fighting
 * Level 6.0 Short Blades
 - Level 1.7 Throwing
 - Level 0.7 Dodging
 - Level 7.0 Stealth


You had 6 spell levels left.
You didn't know any spells.
Your spell library contained the following spells:

 Spells                   Type           Power      Damage    Failure   Level
 Freeze                   Ice            0%         1d3       30%         1
 Frozen Ramparts          Ice            0%         1d1       67%         3
 Hailstorm                Conj/Ice       0%         3d3       67%         3
 Inner Flame              Hex/Fire       0%         N/A       67%         3
 Vhi's Electric Charge    Tloc/Air       0%         N/A       67%         3
 Arcjolt                  Conj/Air       0%         1d10      100%        5
 Yara's Violent Unravell  Hex/Tmut       0%         3d3       100%        5
 Enfeeble                 Hex            0%         N/A       100%        7
 Maxwell's Capacitive Co  Air            0%         ∞         100%        8


Dungeon Overview and Level Annotations

Branches:
Dungeon (4/15) Zot: 20594
 Temple: D:4-7

Altars:


Innate Abilities, Weirdness & Mutations

You have extremely sharp teeth.
Your natural rate of healing is unusually fast.
When hurt, damage is shared between your health and your magic reserves.
Your bite disrupts and absorbs the magic of your enemies.
Potions cannot restore your health.


Message History

You hit the orc priest.
The orc priest is moderately wounded.
The endoplasm freezes you.
You are frozen.
Something hits you. You partially resist.
You feel drained. The orc priest closely misses you.
The orc hits you but does no damage.
You hit the orc priest.
The orc priest is severely wounded.
Something hits you. You partially resist.
You feel drained. The orc priest misses you.
The orc hits you but does no damage. The endoplasm hits you.
Okay, then.
You closely miss the orc priest.
The orc priest is severely wounded.
You hit the orc priest but do no damage.
You bite the orc priest, but do no damage.
The orc priest is severely wounded.
Something hits you. You partially resist.
You feel drained.
The orc priest hits you but does no damage.
The orc hits you but does no damage. The endoplasm misses you.
You hit the orc priest. You bite the orc priest.
You kill the orc priest!
The endoplasm hits you. Something hits you.
* * * LOW HITPOINT WARNING * * *
You partially resist.
You feel drained. The orc hits you with a +0 hand axe.
* * * LOW HITPOINT WARNING * * *
Your Short Blades skill increases to level 6!
You hit the orc but do no damage. You bite the orc. You drain its power.
You feel invigorated.
The orc is moderately wounded.
You hear some strange, mumbled words.
A puff of flame appears from out of thin air!
The puff of flame hits you.
* * * LOW HITPOINT WARNING * * *
The orc hits you with a +0 hand axe.
* * * LOW HITPOINT WARNING * * *
The endoplasm closely misses you.
You barely miss the orc. You bite the orc, but do no damage.
The orc is moderately wounded.
Unknown command.
You closely miss the orc. Your bite misses the orc.
The orc is moderately wounded.
The endoplasm freezes you.
You are frozen.
* * * LOW HITPOINT WARNING * * *
Something hits you.
You die...

#..........#
#..........# #######
#.........># #.....#
#..........### #.....#
#............J
#.....####...)....# ##.
#.................##....
......##.......)J.....#
#...............@{.##.#
................o$.#
..#.###............#
.##..##............# #
##..##...........#
#####.#...#........#
.........#..........
)....................
<.......##


You could see an orc and an endoplasm.

Vanquished Creatures
  Sigmund (D:2)
  A hound (D:3)
  2 jellies (D:2)
  2 orc priests (D:4)
  An iguana (D:4)
  An orc wizard (D:4)
  A hound skeleton (D:3)
  6 adders
  2 adder zombies (D:3)
  2 worms
  4 dart slugs
  5 orcs
  8 bats
  19 endoplasms
  7 giant cockroaches
  6 goblins
  4 hobgoblins
  4 jackals (D:1)
  18 kobolds
  2 quokkas
  7 ball pythons
  A ball python skeleton (D:3)
  4 frilled lizards
  A giant cockroach zombie (D:3)
  2 jackal zombies (D:3)
  7 rats
118 creatures vanquished.

Notes
Turn   | Place    | Note
-------+----------+-------------------------------------------
     0 | D:1      | GeoRichter the Vine Stalker Brigand began the quest for the
                  | Orb.
     0 | D:1      | Reached XP level 1. HP: 11/11 MP: 2/2
   208 | D:1      | Reached XP level 2. HP: 15/15 MP: 3/3
   298 | D:1      | Reached skill level 5 in Stealth
   362 | D:1      | You fall into a shaft and drop 1 floor!
   573 | D:1      | Reached XP level 3. HP: 18/18 MP: 4/4
  1248 | D:1      | Gained mutation: Your natural rate of healing is unusually
                  | fast. [Vine Stalker growth]
  1248 | D:1      | Reached XP level 4. HP: 14/23 MP: 3/5
  1353 | D:2      | Noticed Sigmund
  1373 | D:2      | Killed Sigmund
  1374 | D:2      | Reached skill level 6 in Stealth
  1374 | D:2      | Reached XP level 5. HP: 17/26 MP: 6/6
  1374 | D:2      | Reached XP level 6. HP: 20/30 MP: 7/7
  1706 | D:2      | Reached skill level 5 in Short Blades
  2553 | D:3      | Reached skill level 7 in Stealth
  2768 | D:3      | Reached XP level 7. HP: 34/34 MP: 8/8
  3475 | D:4      | Slain by an orc wizard

Illustrated notes

Levels and vault maps discovered:
D:1:      wander_arrival_estate, layout_loops_corners, serial_bayou_crossing
D:2:      cheibrodos_fertilizer, layout_basic, minivault_19, grunt_ministairs_1,
          minmay_misc_feat_diagonals, minmay_split_cup_large, uniq_sigmund
D:3:      layout_basic, serial_undead, serial_undead_d, serial_undead_a,
          serial_undead_b, serial_undead_a, serial_undead_f, serial_undead_a
D:4:      layout_rooms

Skill      XL: |  1  2  3  4  5  6  7 |
---------------+----------------------+-----
Short Blades   | 2 3 4 5 6 |  6.0
Stealth        | 5 6 7 |  7.0
Fighting       | 2 |  2.3
Throwing       | |  1.7
Dodging        | |  0.7

Action                     |  1- 3 |  4- 6 |  7- 9 || total
---------------------------+-------+-------+-------++-------
  Melee: Dagger            |   107 |   189 |    77 ||   373
         Bite              |    22 |    49 |    20 ||    91
         Punch             |       |     1 |     1 ||     2
  Throw: Dart              |    10 |     7 |       ||    17
   Stab: Sleeping          |    14 |     7 |     4 ||    25
 Armour: Robe              |    23 |    32 |    14 ||    69
  Dodge: Dodged            |    62 |    68 |    33 ||   163
